 Dungeon Crawl Stone Soup version 0.21.0-25-ge575cb9ce8 (webtiles) character file.

128 Minato the Slasher (level 5, -2/41 HPs)
             Began as a Human Gladiator on Jan 26, 2018.
             Slain by a gnoll
             ... wielding a +0 halberd
              (3 damage)
             ... on level 3 of the Dungeon.
             The game lasted 00:12:39 (3749 turns).

Minato the Slasher (Human Gladiator)                Turns: 3749, Time: 00:12:40

Health: -2/41      AC:  7    Str: 15    XL:     5   Next: 34%
Magic:  5/5        EV: 13    Int:  8    God:
Gold:   83         SH:  0    Dex: 15    Spells: 4/4 levels left

rFire    + . .     SeeInvis .   a - +0 long sword
rCold    x . .     Gourm    .   (no shield)
rNeg     + . .     Faith    .   b - +0 leather armour
rPois    .         Spirit   .   c - +0 helmet
rElec    .         Reflect  .   (no cloak)
rCorr    .         Harm     .   r - +2 pair of gloves
MR       .....                  (no boots)
Stlth    +.........             (no amulet)
HPRegen  0.13/turn              l - ring of fire
MPRegen  0.09/turn              s - ring of positive energy

@: about to teleport
A: no striking features
a: no special abilities


You were on level 3 of the Dungeon.
You were not hungry.

You visited 1 branch of the dungeon, and saw 3 of its levels.

You collected 83 gold pieces.

Inventory:

Hand Weapons
 a - a +0 long sword (weapon)
Missiles
 d - 3 throwing nets (quivered)
Armour
 b - a +0 leather armour (worn)
 c - a +0 helmet (worn)
 e - a +0 leather armour
 r - a +2 pair of gloves (worn)
Jewellery
 l - a ring of fire (left hand)
 s - a ring of positive energy (right hand)
Scrolls
 g - a scroll of identify
 h - a scroll of enchant weapon
 k - a scroll of noise {unknown}
 o - a scroll of enchant armour {unknown}
Potions
 j - 2 potions of lignification {unknown}
 m - a potion of berserk rage {unknown}
 n - 2 potions of mutation {unknown}
 p - a potion of flight {unknown}
 q - 2 potions of invisibility {unknown}
Comestibles
 f - 3 chunks of flesh
 t - 2 rations


   Skills:
 * Level 3.0 Fighting
 + Level 4.2 Long Blades
 - Level 2.0 Throwing
 + Level 1.5 Armour
 + Level 3.6 Dodging
 + Level 0.5 Stealth


You had 4 spell levels left.
You didn't know any spells.

Dungeon Overview and Level Annotations

Branches:
Dungeon (3/15)

Altars:
Fedhas

Annotations:
D:2 exclusion: oklob plant


Message History

You are too injured to fight recklessly!
You are too injured to fight recklessly!
You are too injured to fight recklessly!
You completely miss the gnoll.
The gnoll is moderately wounded.
The gnoll hits you from afar with a spear.
The gnoll hits you with a flail. The gnoll barely misses you.
You hit the gnoll but do no damage.
The gnoll is moderately wounded.
The gnoll hits you from afar with a spear.
* * * LOW HITPOINT WARNING * * *
The gnoll barely misses you.
The gnoll hits you from afar with a halberd.
* * * LOW HITPOINT WARNING * * *
The gnoll barely misses you.
As you read the scroll of teleportation, it crumbles to dust.
You feel strangely unstable. The gnoll hits you with a flail.
* * * LOW HITPOINT WARNING * * *
The gnoll hits you from afar with a halberd.
You die...

#####
##...###
#......###
#........##
.
#@###.....##
.g. ###g#
###....##
.....##.gg#
###...##
.........(#
##...###
.......####
##....###
.......
##.....#
.######
##.....
###... ###.


You could see 3 gnolls.

Vanquished Creatures
  2 gnolls
  An adder (D:3)
  4 worms
  4 dart slugs
  2 leopard geckos
  10 bats
  3 giant cockroaches
  8 goblins
  11 hobgoblins
  9 jackals
  6 frilled lizards
  9 kobolds
  4 rats
73 creatures vanquished.

Notes
Turn   | Place    | Note
-------+----------+-------------------------------------------
     0 | D:1      | Minato the Human Gladiator began the quest for the Orb.
     0 | D:1      | Reached XP level 1. HP: 16/16 MP: 1/1
   226 | D:1      | Reached XP level 2. HP: 14/22 MP: 2/2
   371 | D:1      | Reached XP level 3. HP: 18/27 MP: 3/3
   928 | D:1      | Reached XP level 4. HP: 4/34 MP: 4/4
  1801 | D:2      | Reached skill level 4 in Long Blades
  1861 | D:2      | Reached skill level 1 in Armour
  2243 | D:2      | Found a blossoming altar of Fedhas.
  2262 | D:2      | Noticed an oklob plant
  2809 | D:2      | Reached XP level 5. HP: 14/40 MP: 5/5
  3749 | D:3      | HP: 1/41 [gnoll/flail (6)]
  3749 | D:3      | Slain by a gnoll

Skill      XL: |  1  2  3  4  5 |
---------------+----------------+-----
Long Blades    | 4 |  4.2
Armour         | 1 |  1.5
Fighting       | 3 |  3.0
Throwing       | |  2.0
Dodging        | |  3.6
Stealth        | |  0.5

Action                   |  1- 3 |  4- 6 || total
-------------------------+-------+-------++-------
Melee: Long sword        |    95 |   157 ||   252
  Use: Potion            |     2 |       ||     2
       Scroll            |       |     3 ||     3
 Stab: Sleeping          |       |     2 ||     2
  Eat: Chunk             |       |     7 ||     7
       Ration            |       |     1 ||     1
Armor: Leather armour    |    28 |    61 ||    89
Dodge: Dodged            |    87 |   148 ||   235
       Rpst.: Long sword |    21 |    40 ||    61
